 Dungeon Crawl Stone Soup version 0.32-a0-607-g64ea0e4219 (webtiles) character file.

Game seed: 17435296594240712843

2460 pokeman the Thaumaturge (level 9, 0/51 HPs)
             Began as a Deep Elf Hedge Wizard on Mar 3, 2024.
             Slain by Erica
             ... wielding a +2 scimitar of flaming
              (3 damage)
             ... on level 8 of the Dungeon.
             The game lasted 00:12:18 (7510 turns).

pokeman the Thaumaturge (Deep Elf Hedge Wizard)     Turns: 7510, Time: 00:12:19

Health: 0/51       AC:  8    Str:  7    XL:     9   Next: 26%
Magic:  25/27      EV: 13    Int: 24    God:
Gold:   414        SH:  0    Dex: 14    Spells: 24/32 levels left

rFire   . . .        B - +0 long sword "Urhuapp" {venom, rPois rCorr}
rCold   . . .        (no shield)
rNeg    + . .        D - +1 robe {rN+}
rPois   +            c - +0 hat
rElec   .            (no cloak)
rCorr   +            (no gloves)
SInv    +            y - +0 pair of boots
Will    .....        (no amulet)
Stlth   ++           m - ring of see invisible
HPRegen 0.28/turn    r - +4 ring of protection
MPRegen 0.20/turn

%: no passive effects
@: lethally poisoned (0 -> -4)
A: no striking features
a: no special abilities


You were on level 8 of the Dungeon.
You visited 1 branch of the dungeon, and saw 8 of its levels.

You collected 414 gold pieces.

Inventory:

Hand Weapons
 B - the +0 long sword "Urhuapp" (weapon) {venom, rPois rCorr}
   (You found it on level 6 of the Dungeon)

   rPois:     It protects you from poison.
   rCorr:     It protects you from acid and corrosion.
Armour
 c - a +0 hat (worn)
 q - an orb of light
 y - a +0 pair of boots (worn)
 D - a +1 robe of positive energy (worn)
Jewellery
 j - an amulet of faith
 m - a ring of see invisible (left hand)
 r - a +4 ring of protection (right hand)
 x - the amulet "Nuafraco" {Spirit Fly rElec rF++}
   (You found it on level 4 of the Dungeon)

   [amulet of guardian spirit]

   Spirit:    It causes incoming damage to be divided between your reserves of
   health and magic.
   rF++:      It greatly protects you from fire.
   rElec:     It insulates you from electricity.
   Fly:       It grants you flight.
Scrolls
 a - 6 scrolls of identify {unknown}
 b - a scroll of enchant weapon {unknown}
 e - 4 scrolls of noise {unknown}
 f - 4 scrolls of revelation {unknown}
 g - 4 scrolls of teleportation {unknown}
 h - 2 scrolls of fear {unknown}
 l - a scroll of brand weapon {unknown}
 o - a scroll of immolation {unknown}
 s - 2 scrolls of blinking {unknown}
 t - 2 scrolls of poison {unknown}
 v - a scroll of fog {unknown}
 w - 2 scrolls of torment {unknown}
 C - 2 scrolls of amnesia {unknown}
 G - 3 scrolls of enchant armour {unknown}
Potions
 d - 3 potions of magic
 i - 4 potions of heal wounds {unknown}
 k - a potion of berserk rage {unknown}
 n - a potion of invisibility {unknown}
 p - a potion of degeneration {unknown}
 u - 3 potions of curing {unknown}
 z - a potion of haste {unknown}
 A - a potion of ambrosia {unknown}
 E - a potion of lignification {unknown}
 F - a potion of mutation {unknown}


   Skills:
 + Level 3.6 Fighting
 - Level 3.0 Armour
 - Level 3.0 Dodging
 - Level 3.0 Stealth
 * Level 12.1 Spellcasting
 + Level 6.6 Conjurations
 - Level 1.1 Summonings
 - Level 1.1 Translocations
 - Level 1.0 Air Magic
 - Level 1.0 Alchemy


You had 24 spell levels left.
You knew the following spells:

 Your Spells              Type           Power      Damage    Failure   Level
a - Magic Dart            Conj           100%       1d8       1%          1
b - Mephitic Cloud        Conj/Alch/Air  28%        N/A       3%          3
c - Call Imp              Summ           38%        N/A       4%          2
d - Blink                 Tloc           38%        N/A       4%          2

Your spell library contained the following spells:

 Spells                   Type           Power      Damage    Failure   Level
 Summon Small Mammal      Summ           76%        N/A       2%          1
 Slow                     Hex            56%        N/A       4%          1
 Cigotuvi's Dreadful Rot  Necr/Alch/Air  34%        N/A       4%          2
 Call Canine Familiar     Summ           19%        N/A       9%          3
 Summon Blazeheart Golem  Fire/Summ      17%        N/A       34%         4


Dungeon Overview and Level Annotations

Branches:
Dungeon (8/15)             Temple (0/1) D:7
   Lair: D:8-11

Altars:
Hepliaklqana
Trog
Uskayaw

Annotations:
D:8 Erica


Message History

Erica stares at you and mumbles some strange words.
The bolt of poison hits you.
You are poisoned.
You resist.
You hit Erica.
Erica is heavily wounded.
You feel extremely sick.
Erica is engulfed in noxious fumes.
Erica closely misses you. Erica misses you.
Erica is engulfed in noxious fumes.
Erica hits you with a +2 scimitar of flaming.
Erica burns you. Erica grabs you. Erica constricts you.
You hit Erica.
Erica is heavily wounded.
You feel very sick.
Erica is engulfed in noxious fumes.
Erica appears confused.
Erica loses her grip on you.
Unknown command.
Casting: Magic Dart (safe; 1% risk of failure)
Confirm with . or Enter, or press ? or * to list all spells.
Aiming: Magic Dart (safe; 1% risk of failure)
Press: ? - help, Shift-Dir - straight line, f/p - Erica
Aim: Erica, wielding a +2 scimitar of flaming and wearing a ring of magical power (heavily wounded, confused, extremely poisoned, 100% to hit)
The magic dart hits Erica.
Erica is severely wounded.
You feel very sick.
You slash Erica!
Erica looks as sick as possible!
Erica is almost dead.
You feel very sick.
Erica is engulfed in noxious fumes.
Erica appears confused.
Erica barely misses you.
Erica is engulfed in noxious fumes.
Erica appears confused.
Erica barely misses you.
Unknown command.
You slash Erica!
Erica is almost dead.
You feel very sick.
Erica is engulfed in noxious fumes.
Erica appears confused.
Erica hits you with a +2 scimitar of flaming!
* * * LOW HITPOINT WARNING * * *
Erica burns you.
You die...

##.)... #######..###. #
#.......#.... #.
#.####.#..### #.#####
#.###.♣...# #.....#
#.##......# #.....#
#.#.♣...♣.#
.##....○#####.#.......#
.......x@.........>...#
.##.....######........#
#.....# #..♣...♣.#
#.....# #.#.....##
#.....######.##.♣..#
#.........†....)...#
....####.#####.#####.#
########.......#####.#
.........#######....#


You could see Erica (confused, extremely poisoned).

Vanquished Creatures
  2 wyverns
  2 sky beasts (D:7)
  An orc warrior (D:6)
  4 black bears
  A centaur (D:7)
  2 scorpions (D:4)
  3 wights (D:8)
  4 killer bees (D:7)
  4 howler monkeys
  2 bombardier beetles
  2 jellies
  5 orc priests
  2 hounds
  2 iguanas
  A gnoll bouda (D:6)
  3 orc wizards
  A sleepcap (D:6)
  A hound zombie (D:2)
  5 gnolls
  11 adders
  A shadow imp (D:7)
  2 white imps
  2 ufetubi (D:5)
  An adder zombie (D:2)
  An adder skeleton (D:2)
  3 dart slugs
  2 ribbon worms
  13 orcs
  A bat zombie (D:2)
  7 endoplasms
  3 giant cockroaches (D:2)
  13 goblins
  15 hobgoblins
  6 jackals
  3 kobolds
  2 quokkas
  9 ball pythons
  4 bats
  6 frilled lizards
  A jackal skeleton (D:2)
  9 rats
162 creatures vanquished.

Vanquished Creatures (collateral kills)
  An adder (D:2)
  A ribbon worm (D:2)
  A hobgoblin (D:2)
  A giant cockroach zombie (D:2)
4 creatures vanquished.

Grand Total: 166 creatures vanquished

Notes
Turn   | Place    | Note
-------+----------+-------------------------------------------
     0 | D:1      | pokeman the Deep Elf Hedge Wizard began the quest for the
                  | Orb.
     0 | D:1      | Reached XP level 1. HP: 10/10 MP: 7/7
   296 | D:1      | Reached XP level 2. HP: 15/15 MP: 5/9
   362 | D:1      | Found a faded altar of an unknown god.
   731 | D:1      | Reached skill level 5 in Spellcasting
   903 | D:1      | Reached XP level 3. HP: 20/20 MP: 8/11
   907 | D:1      | Learned a level 3 spell: Mephitic Cloud
   910 | D:1      | Learned a level 2 spell: Call Imp
   913 | D:1      | Learned a level 2 spell: Blink
  1333 | D:2      | Reached skill level 1 in Fighting
  1333 | D:2      | Reached skill level 1 in Armour
  1730 | D:2      | Found a hide-covered altar of Uskayaw.
  1751 | D:2      | Reached XP level 4. HP: 25/25 MP: 11/13
  2853 | D:3      | Reached XP level 5. HP: 28/29 MP: 10/15
  2854 | D:3      | Reached skill level 6 in Spellcasting
  3299 | D:3      | Reached skill level 1 in Air Magic
  3299 | D:3      | Reached skill level 1 in Alchemy
  4059 | D:4      | Reached XP level 6. HP: 12/34 MP: 13/17
  4182 | D:4      | Reached skill level 7 in Spellcasting
  4488 | D:4      | Reached XP level 7. HP: 39/40 MP: 17/20
  4781 | D:4      | Identified the amulet "Nuafraco" {Spirit Fly rElec rF++}
  4932 | D:5      | Entered Level 5 of the Dungeon
  4954 | D:5      | Reached skill level 8 in Spellcasting
  5501 | D:6      | Found a bloodstained altar of Trog.
  5575 | D:6      | Reached skill level 9 in Spellcasting
  5618 | D:6      | Identified the +0 long sword "Urhuapp" {venom, rPois rCorr}
  5738 | D:6      | Reached XP level 8. HP: 44/44 MP: 17/23
  6150 | D:6      | Reached skill level 5 in Conjurations
  6165 | D:6      | Reached skill level 10 in Spellcasting
  6428 | D:7      | Found a hazy altar of Hepliaklqana.
  6631 | D:7      | Reached skill level 11 in Spellcasting
  6764 | D:7      | Reached XP level 9. HP: 20/50 MP: 17/26
  7092 | D:7      | Found a staircase to the Ecumenical Temple.
  7416 | D:8      | Reached skill level 12 in Spellcasting
  7497 | D:8      | Noticed Erica
  7510 | D:8      | Slain by Erica

Illustrated notes

Levels and vault maps discovered:
D:1:      saegor_arrival_simple_b, layout_basic,
          chequers_ecumenical_altar_island, wad_floor_pattern_1
D:2:      minmay_razor_zed, layout_basic, serial_undead, serial_undead_d,
          serial_undead_d, serial_undead_a, serial_undead_c, serial_undead_e,
          serial_undead_c, serial_undead_b, basic_altar
D:3:      layout_basic, serial_co_window_serial, co_window_paths_b,
          co_window_paths_a, co_window_of_opportunity_a, co_window_corner_a,
          co_window_of_opportunity_a, co_window_unsneaky_path_d,
          co_window_corner_b, co_window_unsneaky_path_a, co_window_corner_cb,
          co_window_unsneaky_path_a, co_window_of_opportunity_b,
          glass_columns_b, glass_columns_b, glass_columns_a, glass_columns_a
D:4:      minmay_opposing_rooms, layout_basic
D:5:      layout_cave_pools
D:6:      layout_basic, trog_ov_bears_minmay
D:7:      layout_basic, nicolae_overflow_hidden_temple,
          minmay_temple_entry_from_below_a
D:8:      layout_basic, fedhas_altar_4, nicolae_two_hexagons,
          grunt_ministairs_2, nicolae_wooded_promenade, minmay_ruined_shrine,
          uniq_erica

Skill      XL: |  1  2  3  4  5  6  7  8  9 |
---------------+----------------------------+-----
Spellcasting   | 5 6 7 9 11 12 | 12.1
Fighting       | 1 2 3 |  3.6
Armour         | 1 2 3 |  3.0
Conjurations   | 2 3 4 6 |  6.6
Stealth        | 3 |  3.0
Dodging        | 3 |  3.0
Air Magic      | 1 |  1.0
Alchemy        | 1 |  1.0
Summonings     | |  1.1
Translocations | |  1.1

Action                     |  1- 3 |  4- 6 |  7- 9 || total
---------------------------+-------+-------+-------++-------
  Melee: Dagger            |    51 |    88 |    21 ||   160
         Long sword        |       |       |    82 ||    82
   Cast: Magic Dart        |    77 |   111 |   110 ||   298
         Mephitic Cloud    |     2 |    10 |    21 ||    33
         Call Imp          |     1 |     1 |     2 ||     4
   Stab: Confused          |     1 |     6 |    18 ||    25
         Distracted        |     1 |       |       ||     1
         Sleeping          |     1 |       |       ||     1
 Armour: Robe              |    36 |    47 |    72 ||   155
  Dodge: Dodged            |    34 |    42 |    87 ||   163

Table legend: (Time is in decaauts)
 A = Elapsed time spent in this place.
 B = Non-inter-level travel time spent in this place.
 C = Inter-level travel time spent in this place.
 D = Time resting spent in this place.
 E = Time spent auto-exploring this place.
 F = Levels seen in this place.
 G = Mean time per level.
                   A        B        C        D        E       F      G
               +--------+--------+--------+--------+--------+-----+--------+
         Total |   7540 |   7306 |    234 |      0 |   6275 |   8 |  942.5 |
       Dungeon |   7540 |   7306 |    234 |      0 |   6275 |   8 |  942.5 |
               +--------+--------+--------+--------+--------+-----+--------+

Top non-repeatable levels by time:
     D:2: 1427 daAuts
     D:1: 1309 daAuts
     D:4: 1153 daAuts
     D:3: 1039 daAuts
     D:6: 949 daAuts
     D:7: 765 daAuts
     D:5: 555 daAuts
     D:8: 338 daAuts
